AoeStats
← MrIonV

Arabia

509723867Analyzed
1v1 RM · 4d ago on Sep 27, 2026· 65m 11s· 2 players
Game mode
Random Map
Map size
Tiny (2 player)
Population
200
Speed
Normal
Resources
Standard
Victory
Conquest
Starting age
Dark Age
Ending age
Imperial Age
RankedLock teamsTeams togetherTeam positionsShared explorationLock speedFull tech treeHidden civsTurbo modeCheats
Victory
Defeat
🇬🇧 Poles · United Kingdom
919
+16
🇧🇷 Spanish · Brazil
926
-16
MrIonV
7:30 Loom
10:40 Feudal Age
15:54 Castle Age
16:36 Double-Bit Axe
30:18 Town Watch
38:42 Elite Skirmisher
alanmeneses
9:35 Feudal Age
14:41 Castle Age
13:51 Stone Mining
13:58 Double-Bit Axe
16:03 Stone Shaft Mining
15:38 Horse Collar
42:20 Bow Saw
Connection lost

Rejoining the realm…

Still unreachable

The connection could not be restored.

Session expired

The server has moved on; the page needs a fresh start.